 Dungeon Crawl Stone Soup version 0.30.0-10-gfe55d96785 (webtiles) character file.

Game seed: 17975061693170991121

129952 browni3141 the Fighter (level 17, -7/182 HPs)
             Began as an Ogre Cinder Acolyte on May 14, 2023.
             Was the Champion of Makhleb.
             Mangled by a radroach (39 damage)
             ... on level 1 of the Spider Nest.
             The game lasted 01:20:13 (31942 turns).

browni3141 the Fighter (Ogre Cinder Acolyte)       Turns: 31942, Time: 01:20:13

Health: -7/182     AC: 10    Str: 28    XL:     17   Next: 6%
Magic:  14/24      EV: 14    Int: 15    God:    Makhleb [******]
Gold:   1218       SH: 11    Dex:  4    Spells: 8/20 levels left

rFire   . . .        b - +2 trident (heavy)
rCold   . . .        f - +2 kite shield
rNeg    . . .        v - +0 troll leather armour
rPois   +            W - +2 hat
rElec   .            s - +2 cloak
rCorr   .            (gloves unavailable)
SInv    .            (boots unavailable)
Will    +....        g - amulet of regeneration
Stlth   +            d - ring of poison resistance
HPRegen 2.10/turn    t - +5 ring of evasion
MPRegen 0.19/turn

%: no passive effects
@: contaminated, glowing
A: large, unfitting armour, tough skin 1
a: Renounce Religion, Minor Destruction, Lesser Servant of Makhleb, Major
Destruction, Greater Servant of Makhleb


You were on level 1 of the Spider Nest.
You worshipped Makhleb.
Makhleb was exalted by your worship.
You visited 5 branches of the dungeon, and saw 24 of its levels.
You also visited: Ice Cave.

You collected 2527 gold pieces.
You spent 1309 gold pieces at shops.

Inventory:

Hand Weapons
 a - a +3 trident of protection
 b - a +2 heavy trident (weapon)
Missiles
 j - 40 large rocks
 l - 13 poisoned darts (quivered)
 A - 6 datura-tipped darts
 J - 10 curare-tipped darts
 R - 6 javelins
 T - 11 boomerangs
 Z - 3 throwing nets
Armour
 f - a +2 kite shield (worn)
 s - a +2 cloak (worn)
 v - a +0 troll leather armour (worn)
 W - a +2 hat (worn)
Jewellery
 d - a ring of poison resistance (left hand)
 g - an amulet of regeneration (around neck)
 r - a ring of positive energy
 t - a +5 ring of evasion (right hand)
 G - a ring of protection from fire
 I - a ring of see invisible
 P - a ring of resist corrosion
 Q - a ring of willpower
 S - a ring of protection from cold
 X - a +4 ring of slaying
Wands
 p - a wand of polymorph (9)
 x - a wand of charming (4)
 z - a wand of quicksilver (10)
 V - a wand of flame (89)
 Y - a wand of roots (12)
Scrolls
 e - 2 scrolls of immolation
 n - 2 scrolls of blinking
 q - 3 scrolls of vulnerability
 u - 2 scrolls of silence
 y - 8 scrolls of magic mapping
 B - a scroll of fog
 K - a scroll of fear
 N - a scroll of poison
 U - 11 scrolls of teleportation
Potions
 c - 7 potions of cancellation
 h - 5 potions of haste
 i - 4 potions of invisibility
 k - 3 potions of ambrosia
 m - a potion of magic
 w - 4 potions of mutation
 C - 9 potions of curing
 E - a potion of berserk rage
 F - 5 potions of flight
 H - a potion of heal wounds
 L - 5 potions of lignification
 M - 3 potions of might
Miscellaneous
 o - a phial of floods
 D - a phantom mirror
 O - a tin of tremorstones (inert)


   Skills:
 + Level 14.9 Fighting
 - Level 14.0 Polearms
 * Level 14.5 Throwing
 - Level 5.0 Dodging
 - Level 1.0 Stealth
 - Level 10.0 Shields
 - Level 2.0 Spellcasting
 - Level 4.0 Hexes
 - Level 12.0 Summonings
 - Level 3.0 Fire Magic
 - Level 4.0 Air Magic
 * Level 9.9 Invocations
 - Level 2.0 Evocations


You had 8 spell levels left.
You knew the following spells:

 Your Spells              Type           Power      Damage    Failure   Level
a - Call Canine Familiar  Summ           37%        N/A       1%          3
g - Summon Guardian Gole  Hex/Summ       25%        N/A       4%          3
l - Summon Lightning Spi  Summ/Air       25%        N/A       16%         4
x - Scorch                Fire           20%        2d5       19%         2

Your spell library contained the following spells:

 Spells                   Type           Power      Damage    Failure   Level
 Summon Small Mammal      Summ           100%       N/A       1%          1
 Tukima's Dance           Hex            13%        N/A       24%         3
 Static Discharge         Conj/Air       14%        2-3/arc   26%         2
 Inner Flame              Hex/Fire       12%        N/A       28%         3
 Summon Cactus Giant      Summ           18%        N/A       41%         6
 Portal Projectile        Hex/Tloc       14%        N/A       47%         3
 Airstrike                Air            6%         2d(1-17)  61%         4
 Ignite Poison            Fire/Tmut/Pois 4%         N/A       63%         3
 Summon Forest            Summ/Tloc      9%         N/A       67%         5
 Ozocubu's Armour         Ice            1%         N/A       77%         3
 Leda's Liquefaction      Hex/Erth       3%         N/A       87%         4
 Flame Wave               Conj/Fire      6%         2d5       91%         4
 Sticky Flame             Conj/Fire      6%         2d3       91%         4
 Summon Hydra             Summ           18%        N/A       94%         7
 Blade Hands              Tmut           0%         N/A       100%        5
 Eringya's Noxious Bog    Tmut/Pois      0%         N/A       100%        6
 Simulacrum               Ice/Necr       0%         N/A       100%        6
 Malign Gateway           Summ/Tloc      9%         N/A       100%        7
 Ozocubu's Refrigeration  Ice            0%         4d7       100%        7
 Ignition                 Fire           5%         3d4       100%        8
 Summon Horrible Things   Summ           18%        N/A       100%        8
 Polar Vortex             Ice            0%         N/A       100%        9


Dungeon Overview and Level Annotations

Branches:
Dungeon (15/15)            Temple (1/1) D:4            Lair (5/5) D:11
 Shoals (0/4) Lair:2       Spider (1/4) Lair:2        Slime (0/5) Lair:5
    Orc (2/2) D:10            Elf (0/3) Orc:2        Vaults (0/5) D:13
 Depths (0/4) D:15          IceCv (visited)

Altars:
Ashenzari
Cheibriados
Dithmenos
Elyvilon
Fedhas
Gozag
Hepliaklqana
Kikubaaqudgha
Makhleb
Nemelex Xobeh
Okawaru
Qazlal
Ru
Sif Muna
Trog
Uskayaw
Vehumet
Wu Jian
Xom
Yredelemnul
Zin
The Shining One
Jiyva

Shops:
D:1 [   D:6 !*[   D:9 *   Orc:2 ([([

Annotations:
Lair:4 2 runed translucent doors, exclusion: 2 doors, Wairalebb's ghost, journeyman BaFi


Innate Abilities, Weirdness & Mutations

You are too large for most types of armour.
You have tough skin. (AC +1)


Message History

You hear a shout!
The emperor scorpion is engulfed in blazing flames.
Your magical contamination has completely faded away.
An emperor scorpion is nearby!
You barely miss the emperor scorpion.
The emperor scorpion is moderately wounded.
The emperor scorpion is engulfed in blazing flames.
You block the emperor scorpion's attack.
The emperor scorpion misses you.
The emperor scorpion claws you but does no damage.
Your lightning spire shoots out a bolt of lightning at the emperor scorpion!
The bolt of electricity hits the emperor scorpion but does no damage.
You impale the emperor scorpion!!
The emperor scorpion is severely wounded.
The emperor scorpion is engulfed in blazing flames.
The emperor scorpion stings you!!
You block the emperor scorpion's attack.
The emperor scorpion claws you but does no damage.
You barely miss the emperor scorpion.
The emperor scorpion is severely wounded.
The emperor scorpion is engulfed in blazing flames.
The emperor scorpion stings you but does no damage.
You block the emperor scorpion's attack. x2
You puncture the emperor scorpion!
You kill the emperor scorpion!
Makhleb accepts your kill.
You feel better.
No target in view!
No target in view!
Your lightning spire disappears in a puff of smoke!
Magic restored.
You now have 1218 gold pieces (gained 26).
A radroach comes into view.
A radroach is nearby!
You reach to attack!
You puncture the radroach!
The radroach is lightly wounded.
You puncture the radroach!
The radroach is moderately wounded.
The radroach erupts in a fountain of uncontrolled magic!
You are blasted with magical radiation!!!
You are very lightly contaminated with residual magic.
You are too injured to fight recklessly!
You are too injured to fight recklessly!
You are too injured to fight recklessly!
You barely miss the radroach.
The radroach is moderately wounded.
You completely miss the radroach.
The radroach is moderately wounded.
The radroach erupts in a fountain of uncontrolled magic!
You are blasted with magical radiation!!
You are lightly contaminated with residual magic.
Casting: Summon Guardian Golem (mildly dangerous; 4% risk of failure)
Confirm with . or Enter, or press ? or * to list all spells.
You miscast Summon Lightning Spire.
You are contaminated with residual magic.
Nothing appears to happen.
The radroach misses you.
The radroach claws you but does no damage.
Casting: Summon Lightning Spire (mildly dangerous; 16% risk of failure)
Confirm with . or Enter, or press ? or * to list all spells.
A guardian golem appears, shielding your allies.
You block the radroach's attack. x2
Casting: Summon Guardian Golem (mildly dangerous; 4% risk of failure)
Confirm with . or Enter, or press ? or * to list all spells.
An electric hum fills the air.
You block the radroach's attack. The radroach barely misses you.
The radroach attacks as you move away! You block the radroach's attack. x2
Your lightning spire shoots out a bolt of lightning at the radroach!
The bolt of electricity hits the radroach!
The bolt of electricity hits the radroach.
The bolt of electricity hits your lightning spire.
Your lightning spire completely resists.
The bolt of electricity hits your lightning spire.
Your lightning spire completely resists.
You impale the radroach!!
The radroach is severely wounded.
The radroach erupts in a fountain of uncontrolled magic!
Your lightning spire is blasted with magical radiation!!
You are blasted with magical radiation!!!
* * * LOW HITPOINT WARNING * * *
Your guardian golem is blasted with magical radiation!!
Your guardian golem is destroyed!
Your guardian golem disappears in a puff of smoke!
You puncture the radroach!
The radroach is almost dead.
The radroach erupts in a fountain of uncontrolled magic!
Your lightning spire is blasted with magical radiation!!!
Your lightning spire is destroyed!
Your lightning spire disappears in a puff of smoke!
You are blasted with magical radiation!
* * * LOW HITPOINT WARNING * * *
You hit the radroach.
The radroach is almost dead.
The radroach erupts in a fountain of uncontrolled magic!
You are blasted with magical radiation!!
* * * LOW HITPOINT WARNING * * *
You hit the radroach but do no damage.
The radroach is almost dead.
The radroach erupts in a fountain of uncontrolled magic!
You are blasted with magical radiation!!!
You die...

.## ..#.#. #. ##..... ..# .......
#...... .## ...#. #...#.. .##
######## .$.#########...#.. ..#
#.)..#.###.##..#!......##.. ..#
#.....^.#...#...........#.. ..#
#.....#.#...#...#^..#...##.
..#####..######.B##############..
.......#.##...##@.....#.#....#...
..........#...........##........#
....#....###.##.)..[(.#....####..
.######..######.(.#####...#####..
.##..###..#^......# ##....#.##.
..##..##.##.......# #.......#..
..#..##..##.#.##.###. #......##..
..#...#########..###.##########..
.#.#.[##....^#..........#....#†..


You could see a radroach.

Vanquished Creatures
  Saint Roka (Orc:2)
  Rupert (D:15)
  Gastronok (Lair:1)
  A fire giant (D:12)
  An emperor scorpion (Spider:1)
  A very ugly thing (IceCv)
  A stone giant (D:15)
  A vampire knight (D:12)
  Josephine (D:14)
  A deep elf high priest (D:12)
  4 catoblepae
  An ice dragon (Lair:4)
  3 centaur warriors
  3 hydras
  A caustic shrike simulacrum (IceCv)
  3 boulder beetles
  4 ogre magi
  12 death yaks
  11 two-headed ogres
  Erica (D:8)
  A death knight (D:14)
  4 tengu warriors
  A deep elf knight (D:12)
  A fire crab (shapeshifter) (D:15)
  3 skeletal warriors
  A death drake (shapeshifter) (D:12)
  2 pharaoh ants (Spider:1)
  2 obsidian statues (IceCv)
  A flayed ghost (D:12)
  A bog body (IceCv)
  3 orc knights
  A spriggan simulacrum (IceCv)
  Pikel (D:5)
  5 deep elf pyromancers
  5 wolf spiders (Spider:1)
  2 orc sorcerers (Orc:2)
  5 ugly things
  4 manticores
  7 cyclopes
  A moth of wrath (Spider:1)
  8 centaur zombies (D:11)
  A demonic crawler (Spider:1)
  2 black mambas
  2 torpor snails (Spider:1)
  6 cane toads
  5 gargoyles (D:12)
  A rime drake (shapeshifter) (D:12)
  4 nameless horrors
  10 komodo dragons
  5 freezing wraiths
  An efreet (D:12)
  2 tengu conjurers
  An anaconda simulacrum (IceCv)
  2 rime drakes
  2 kobold demonologists
  2 meliai (shapeshifter)
  3 trolls
  3 meliai (D:12)
  2 polar bears
  11 tarantellas
  10 slime creatures
  2 shadows (D:11)
  Sigmund (D:4)
  12 blink frogs
  11 jumping spiders (Spider:1)
  2 culicivoras (Spider:1)
  A dire elephant simulacrum (IceCv)
  72 yaks
  13 wraiths
  11 fire elementals
  4 fire bats (D:13)
  6 wyverns
  2 basilisks
  A steam dragon (D:10)
  6 vampire mosquitoes
  11 redbacks (Spider:1)
  The ghost of sympbizkit the Insei, an amateur OpTm of Qazlal (D:3)
  3 wargs (Orc:2)
  An acid dragon (D:12)
  A hell hound (D:13)
  9 water moccasins
  3 hydra simulacra (IceCv)
  Duvessa (D:4)
  28 orc warriors
  A sky beast (D:4)
  3 black bears
  4 ettin simulacra (IceCv)
  2 ice beasts (D:6)
  8 ogres
  14 wolves
  2 phantoms
  6 centaurs
  2 lemures (D:5)
  2 kobold brigands
  11 bullfrogs
  A gnoll sergeant (D:6)
  6 scorpions
  A deep troll simulacrum (IceCv)
  8 wights
  Dowan (D:4)
  A killer bee (D:9)
  2 vampire bats (Lair:2)
  6 howler monkeys
  An electric eel (D:10)
  2 lava snakes (D:13)
  3 hounds
  2 jellies
  22 orc priests
  4 gnoll boudas
  Jessica (D:2)
  Natasha (thrice) (D:2)
  An iguana (D:5)
  37 orc wizards
  Terence (D:2)
  16 gnolls
  4 adders
  3 white imps
  2 worms (D:2)
  A dart slug (D:1)
  97 orcs
  7 ball pythons
  8 endoplasms
  5 giant cockroaches
  7 goblins
  10 hobgoblins
  3 jackals (D:4)
  6 kobolds
  2 quokkas
  A ball python zombie (D:3)
  15 bats
  5 frilled lizards
  A quokka zombie (D:3)
  9 rats
  3 fire vortices (D:13)
752 creatures vanquished.

Vanquished Creatures (collateral kills)
  An azure jelly (D:14)
  2 reapers (IceCv)
  Snorg (Lair:4)
  A hydra (D:15)
  A catoblepas (Lair:5)
  3 two-headed ogres (D:15)
  A spriggan simulacrum (IceCv)
  A deep elf pyromancer (D:13)
  An orc knight (D:15)
  A cane toad (Lair:1)
  A kobold demonologist (D:12)
  A yaktaur (D:15)
  2 freezing wraiths
  An efreet (D:15)
  A komodo dragon (Lair:3)
  A polar bear (Lair:3)
  2 tarantellas (Spider:1)
  2 jumping spiders (Spider:1)
  A slime creature (D:12)
  A culicivora (Spider:1)
  7 yaks
  3 redbacks (Spider:1)
  2 fire elementals (Lair:1)
  A basilisk (D:12)
  An acid dragon (D:12)
  6 wolves (Lair:5)
  A gnoll (D:8)
  A white imp (Lair:4)
  3 orcs
  A kobold (D:12)
52 creatures vanquished.

Vanquished Creatures (others)
  A reaper (IceCv)
  A hydra (D:14)
  The ghost of Demosthentine the Fighter, a journeyman DsGl of Hepliaklqana (D:9)
  A death yak (Lair:3)
  An orc high priest (Orc:2)
  An orb spider (Spider:1)
  A wolf spider (Spider:1)
  An orc sorcerer (Orc:2)
  A torpor snail (Lair:2)
  A komodo dragon (D:11)
  2 trolls (Orc:1)
  A vampire (D:11)
  A wyvern (D:9)
  8 yaks
  A redback (Spider:1)
  2 orc warriors
  An ogre (Orc:2)
  8 wolves
  A centaur (D:9)
  A wight (D:10)
  2 orcs
38 creatures vanquished.

Grand Total: 842 creatures vanquished

Notes
Turn   | Place    | Note
-------+----------+-------------------------------------------
     0 | D:1      | browni3141 the Ogre Cinder Acolyte began the quest for the
                  | Orb.
     0 | D:1      | Reached XP level 1. HP: 24/24 MP: 2/2
    84 | D:1      | Reached XP level 2. HP: 30/32 MP: 2/4
   116 | D:1      | Found Vooqu's Antique Armour Boutique.
   632 | D:1      | Reached XP level 3. HP: 40/40 MP: 5/5
   688 | D:2      | Noticed Terence
   735 | D:1      | Reached skill level 3 in Fire Magic
  1181 | D:2      | Noticed Jessica
  1193 | D:2      | Reached XP level 4. HP: 40/49 MP: 7/7
  1204 | D:2      | Killed Jessica
  1356 | D:2      | Learned a level 2 spell: Scorch
  1595 | D:2      | Noticed Natasha
  1599 | D:2      | Killed Natasha
  1600 | D:2      | Reached XP level 5. HP: 57/57 MP: 3/8
  1791 | D:2      | Noticed Natasha
  1809 | D:2      | Killed Natasha
  2096 | D:2      | Noticed Natasha
  2122 | D:2      | Killed Natasha
  2412 | D:3      | Noticed a phantom
  2434 | D:3      | Killed a phantom
  2435 | D:3      | Reached XP level 6. HP: 38/67 MP: 2/9
  2668 | D:3      | Found a faded altar of an unknown god.
  2779 | D:3      | Found a runed translucent gate.
  2779 | D:3      | Found a runed translucent gate.
  2779 | D:3      | Found a runed translucent gate.
  2779 | D:3      | Noticed sympbizkit's ghost (amateur OpTm)
  2794 | D:3      | Found a basalt altar of Yredelemnul.
  2932 | D:3      | Killed sympbizkit's ghost
  2933 | D:3      | Reached skill level 6 in Fighting
  3208 | D:4      | Found a large runed translucent door.
  3208 | D:4      | Found a large runed translucent door.
  3221 | D:4      | Noticed a sky beast
  3236 | D:4      | Killed a sky beast
  3237 | D:4      | Reached XP level 7. HP: 37/75 MP: 10/10
  3540 | D:4      | Found a staircase to the Ecumenical Temple.
  3571 | D:4      | Found an iron altar of Okawaru.
  3571 | D:4      | Found a bloodstained altar of Trog.
  3587 | Temple   | Entered the Ecumenical Temple
  3829 | D:4      | Noticed Dowan
  3871 | D:3      | Reached skill level 6 in Polearms
  4197 | D:4      | Noticed Sigmund
  4205 | D:4      | Killed Sigmund
  4442 | D:4      | Reached XP level 8. HP: 59/87 MP: 6/11
  4453 | D:4      | Noticed Duvessa
  4474 | D:4      | Killed Duvessa
  4475 | D:4      | Reached skill level 3 in Throwing
  4475 | D:4      | Killed Dowan
  4476 | D:4      | Found a large runed translucent door.
  4476 | D:4      | Found a large runed translucent door.
  5184 | D:4      | Learned a level 3 spell: Call Canine Familiar
  5209 | D:5      | Entered Level 5 of the Dungeon
  5211 | D:5      | Found a white marble altar of Elyvilon.
  5489 | D:5      | Noticed Pikel
  5498 | D:5      | Killed Pikel
  5499 | D:5      | Reached XP level 9. HP: 42/96 MP: 12/12
  5694 | D:5      | Found a bloodstained altar of Trog.
  5928 | D:5      | Reached skill level 3 in Summonings
  6032 | D:5      | Found a glowing silver altar of Zin.
  6731 | D:6      | Found Wannin's Armour Shop.
  6833 | D:6      | Found Haycwin's Assorted Antiques.
  6859 | D:6      | Bought a scroll of identify for 40 gold pieces
  6859 | D:6      | Bought a scroll labelled UXAIBL YTIAGEI for 20 gold pieces
  6859 | D:6      | Bought a viscous pink potion for 18 gold pieces
  6890 | D:6      | Reached skill level 6 in Throwing
  6904 | D:6      | Reached skill level 9 in Polearms
  7015 | D:6      | Found Noizall's Distillery.
  7019 | D:6      | Bought a potion of heal wounds for 70 gold pieces
  7251 | D:7      | Found a sacrificial altar of Ru.
  7410 | D:7      | Reached XP level 10. HP: 106/106 MP: 13/13
  7449 | D:7      | Found a burning altar of Makhleb.
  7486 | D:7      | Found an opulent altar of Gozag.
  7648 | D:7      | Noticed a two-headed ogre
  7740 | D:2      | Killed Terence
  7741 | D:2      | Reached skill level 9 in Fighting
  8888 | D:7      | Killed a two-headed ogre
  9215 | D:8      | Noticed a two-headed ogre
  9231 | D:8      | Killed a two-headed ogre
  9452 | D:8      | Learned a level 3 spell: Summon Guardian Golem
 10218 | D:9      | Noticed Erica
 10380 | D:9      | Noticed a two-headed ogre
 10477 | D:9      | Found a shimmering altar of Xom.
 10502 | D:9      | Reached skill level 6 in Summonings
 10536 | D:9      | Reached XP level 11. HP: 37/117 MP: 11/14
 11207 | D:8      | Killed Erica
 11374 | D:9      | Found a runed translucent gate.
 11374 | D:9      | Found a runed translucent gate.
 11374 | D:9      | Found a runed translucent gate.
 11375 | D:9      | Found an opulent altar of Gozag.
 11375 | D:9      | Noticed a cyclops
 11375 | D:9      | Noticed a deep elf pyromancer
 11377 | D:9      | Noticed a boulder beetle
 11386 | D:9      | Found an ancient bone altar of Kikubaaqudgha.
 11445 | D:9      | Killed a two-headed ogre
 11510 | D:9      | Noticed Demosthentine's ghost (journeyman DsGl)
 11511 | D:9      | Found Lodeinas's Assorted Antiques.
 11526 | D:9      | Found a broken altar of Ashenzari.
 11530 | D:9      | Saw a vision of the Shoals and the Spider Nest.
 11530 | D:9      | Noticed an emperor scorpion
 11530 | D:9      | Noticed a radroach
 11530 | D:9      | Noticed an orb spider
 11530 | D:9      | Noticed a sea snake
 11530 | D:9      | Noticed a manticore
 11530 | D:9      | Noticed a sea snake
 11530 | D:9      | Noticed a sea snake
 11530 | D:9      | Noticed a skyshark
 11531 | D:9      | Noticed a wolf spider
 11733 | D:10     | Entered Level 10 of the Dungeon
 12800 | D:10     | Reached skill level 9 in Throwing
 12944 | D:10     | Found a snail-covered altar of Cheibriados.
 12944 | D:10     | Found a stormy altar of Qazlal.
 12945 | D:10     | Found a blossoming altar of Fedhas.
 12949 | D:10     | Found a shimmering blue altar of Sif Muna.
 13381 | D:10     | Found a hide-covered altar of Uskayaw.
 13569 | D:10     | Found a staircase to the Orcish Mines.
 13589 | Orc:1    | Entered Level 1 of the Orcish Mines
 13589 | Orc:1    | Noticed a two-headed ogre
 13598 | Orc:1    | Killed a two-headed ogre
 13607 | Orc:1    | Reached XP level 12. HP: 66/128 MP: 7/15
 14156 | Orc:2    | Entered Level 2 of the Orcish Mines
 14156 | Orc:2    | Found a staircase to the Elven Halls.
 14158 | Orc:2    | Found a burning altar of Makhleb.
 14291 | Orc:2    | Reached skill level 3 in Shields
 14519 | Orc:2    | Reached skill level 3 in Hexes
 14532 | Orc:2    | Found Asagg's Antique Weapon Emporium.
 14891 | Orc:2    | Noticed Saint Roka
 14906 | Orc:2    | Killed Saint Roka
 15033 | Orc:2    | Noticed an orc high priest
 15035 | Orc:2    | Noticed a soul eater
 15049 | Orc:2    | Killed an orc high priest
 15113 | Orc:2    | Found Biarop's Antique Armour Shop.
 15115 | Orc:2    | Found Laompeaj's Antique Weapon Boutique.
 15240 | Orc:2    | Found Doaryvoeli's Antique Armour Shop.
 15459 | Orc:2    | Bought an embroidered cloak for 285 gold pieces
 15648 | D:6      | Bought 2 potions of cancellation for 224 gold pieces
 15648 | D:6      | Bought a potion of curing for 42 gold pieces
 15648 | D:6      | Bought a potion of heal wounds for 70 gold pieces
 15648 | D:6      | Bought a potion of magic for 112 gold pieces
 15648 | D:6      | Bought 2 potions of invisibility for 224 gold pieces
 15648 | D:6      | Bought a potion of attraction for 42 gold pieces
 15793 | D:9      | Killed Demosthentine's ghost
 15794 | D:9      | Reached skill level 12 in Polearms
 15808 | D:9      | Killed a boulder beetle
 15809 | D:9      | Reached XP level 13. HP: 71/137 MP: 4/16
 15907 | D:9      | Bought a potion of curing for 81 gold pieces
 15907 | D:9      | Bought a scroll labelled TAEDAU MOLE for 27 gold pieces
 15907 | D:9      | Bought a scroll of identify for 54 gold pieces
 16177 | D:11     | Reached skill level 9 in Summonings
 16892 | D:11     | Reached skill level 12 in Fighting
 16928 | D:11     | Found a staircase to the Lair.
 17257 | Lair:1   | Entered Level 1 of the Lair of Beasts
 17464 | Lair:1   | You fall into a shaft and drop 1 floor!
 17779 | Orc:2    | Fell from the grace of Ignis
 17779 | Orc:2    | Became a worshipper of Makhleb the Destroyer
 18169 | Lair:1   | Learned a level 4 spell: Summon Lightning Spire
 18450 | Lair:1   | Noticed Gastronok
 18498 | Lair:1   | Killed Gastronok
 18500 | Lair:1   | You fall into a shaft and drop 1 floor!
 18500 | Lair:2   | Found a staircase to the Shoals.
 18562 | Lair:1   | You fall into a shaft and drop 1 floor!
 18753 | Lair:1   | Identified the +2 robe of an ice cave {rC+ Int-3 Dex+5}
 18935 | Lair:1   | Reached * piety under Makhleb
 19227 | Lair:2   | Reached XP level 14. HP: 127/150 MP: 10/17
 19357 | Lair:2   | Was forgiven by Ignis
 19557 | Lair:2   | Found a hole to the Spider Nest.
 20100 | Lair:3   | Reached ** piety under Makhleb
 20101 | Lair:3   | Reached skill level 3 in Air Magic
 21061 | Lair:4   | Reached skill level 12 in Throwing
 21418 | Lair:4   | Found a sacrificial altar of Ru.
 21500 | Lair:4   | Found a large runed translucent door.
 21500 | Lair:4   | Found a large runed translucent door.
 21510 | Lair:4   | Noticed Wairalebb's ghost (journeyman BaFi)
 21798 | Lair:4   | Noticed Snorg
 21822 | Lair:4   | Killed Snorg
 22344 | Lair:5   | Entered Level 5 of the Lair of Beasts
 22480 | Lair:5   | Reached skill level 3 in Invocations
 22660 | Lair:5   | Found a staircase to the Slime Pits.
 22718 | Lair:5   | Found a viscous altar of Jiyva.
 22732 | Lair:5   | Reached *** piety under Makhleb
 22906 | Lair:5   | Reached skill level 6 in Shields
 23576 | Lair:5   | Reached XP level 15. HP: 155/159 MP: 8/18
 24338 | D:12     | Reached **** piety under Makhleb
 24687 | D:12     | Reached skill level 3 in Dodging
 24703 | D:12     | Noticed a fire giant
 24710 | D:12     | Identified the +4 glaive of Fate {freeze, Dex+2}
 24722 | D:12     | Killed a fire giant
 25428 | D:12     | Reached skill level 6 in Invocations
 25535 | D:12     | You fall into a shaft and drop 2 floors!
 25627 | D:14     | Noticed Josephine
 25640 | D:14     | Killed Josephine
 25795 | D:14     | Reached ***** piety under Makhleb
 25964 | D:14     | Found a frozen archway.
 25964 | D:14     | Noticed an azure jelly
 25986 | D:14     | Killed an azure jelly
 26021 | IceCv    | Entered an ice cave
 26200 | IceCv    | HP: 7/162 [anaconda simulacrum (11)]
 26650 | IceCv    | Reached XP level 16. HP: 29/171 MP: 21/21
 27124 | D:14     | Found a broken altar of Ashenzari.
 27458 | D:14     | Reached skill level 12 in Summonings
 28414 | D:13     | Found a gate to the Vaults.
 28699 | D:13     | Reached skill level 9 in Shields
 29414 | D:15     | Entered Level 15 of the Dungeon
 29718 | D:15     | Noticed Rupert
 29737 | D:15     | Killed Rupert
 29838 | D:15     | Found Pium's Armour Shoppe.
 30020 | D:15     | Found a staircase to the Depths.
 30492 | Spider:1 | Entered Level 1 of the Spider Nest
 30542 | Spider:1 | Reached skill level 9 in Invocations
 30670 | Spider:1 | Reached ****** piety under Makhleb
 30836 | Spider:1 | HP: 5/174 [wolf spider (14)]
 31485 | Spider:1 | Reached XP level 17. HP: 182/182 MP: 24/24
 31942 | Spider:1 | Mangled by a radroach

Illustrated notes

Levels and vault maps discovered:
D:1:      dpeg_arrival_tiny_a, layout_basic, serial_shops,
          nicolae_shop_getting_attention, grunt_decor_arrowhead,
          chequers_serial_rivers_micro_a, solitary_fountain
D:2:      layout_basic, minmay_heptomino_h4, uniq_jessica, uniq_terence,
          uniq_natasha
D:3:      layout_rooms, nicolae_yredelemnul_ghost_church,
          ebering_ecumenical_altar_mist
D:4:      layout_basic, grunt_temple_overflow_bloody_war,
          minmay_temple_entry_overgrown, minmay_hollow_rounded_squares,
          uniq_duvessa, uniq_sigmund
D:5:      layout_basic, mainiacjoe_overflow_concentric_impassable,
          grunt_decor_resistance, hangedman_feature_mirror, uniq_pikel
D:6:      layout_basic, serial_shops, shop, nicolae_shop_peninsula, shop
D:7:      layout_gridville, mainiacjoe_overflow_alcove_1,
          nicolae_ru_great_annihilating_truth, kennysheep_mini
D:8:      layout_layer_cave
D:9:      layout_rooms, grunt_ashenzari_visionary
          [grunt_ashenzari_visionary_shoals, grunt_ashenzari_visionary_spider],
          mainiacjoe_overflow_catwalk, xom_confusion_cloud, ebering_ghost_gozag,
          uniq_erica
D:10:     layout_stronghold, lemuel_round_altar, minitemple, erik_orc_2
D:11:     layout_basic, david_lair_shrubbed, serial_undead, serial_undead_c,
          serial_undead_a, serial_undead_d, serial_undead_c, interstate_on_off
D:12:     layout_long_grid, nicolae_rejected_hall
D:13:     layout_roguey, david_vaults_2, hangedman_incinerator
D:14:     layout_basic, portal_ice_cave_entry_frozen_things,
          ashenzari_conservatory_becter, uniq_josephine
D:15:     grunt_enter_depths_giant_problem, layout_cross, serial_shops, shop,
          uniq_rupert
Temple:   nicolae_temple_superstar
Lair:1:   layout_chaotic_city, lemuel_fruit_fields, uniq_gastronok
Lair:2:   layout_gridlike, elwin_shoals_entry_rocks, spider_nest_entry_rubble,
          roderic_batcave, grunt_megastairs_5
Lair:3:   layout_regular_city
Lair:4:   layout_small_grid, ebering_ghost_disaster_area, basic_altar,
          bobbens_ice_dragon_lair, serial_bayou_shore_b, uniq_snorg
Lair:5:   evilmike_catoblepas_cave, layout_gridlike, slime_entry_1
Spider:1: nicolae_spider_hilbert_zone_2 [nicolae_spider_hilbert_4_sides_1_open,
          nicolae_spider_hilbert_4_sides_1_open,
          nicolae_spider_hilbert_4_sides_1_open,
          nicolae_spider_hilbert_4_sides_1_open,
          nicolae_spider_hilbert_6_sides_1_open,
          nicolae_spider_hilbert_6_sides_1_open,
          nicolae_spider_hilbert_3_sides_1_open,
          nicolae_spider_hilbert_3_sides_1_open,
          nicolae_spider_hilbert_3_sides_1_open,
          nicolae_spider_hilbert_3_sides_1_open,
          nicolae_spider_hilbert_6_sides_1_open,
          nicolae_spider_hilbert_6_sides_1_open,
          nicolae_spider_hilbert_6_sides_1_open,
          nicolae_spider_hilbert_6_sides_1_open]
Orc:1:    layout_diamond_mine
Orc:2:    grunt_orc_community_town_hall, layout_caves,
          grunt_orc_community_big_house_2, grunt_orc_community_big_house_1,
          grunt_orc_community_house_1, grunt_orc_community_house_3,
          grunt_orc_community_house_1, grunt_orc_community_house_1,
          grunt_orc_community_house_1, bloody_makhleb

Skill      XL: |  1  2  3  4  5  6  7  8  9 10 11 12 13 14 15 16 |
---------------+-------------------------------------------------+-----
Fire Magic     | 3 |  3.0
Spellcasting   | 2 |  2.0
Stealth        | 1 |  1.0
Throwing       | 1 2 4 6 7 9 10 11 12 13 14 | 14.5
Fighting       | 5 6 7 8 9 10 11 12 13 14 | 14.9
Polearms       | 4 5 6 7 9 10 11 12 13 14 | 14.0
Evocations     | 2 |  2.0
Summonings     | 2 4 6 7 8 10 11 12 | 12.0
Shields        | 2 5 6 8 10 | 10.0
Hexes          | 2 4 |  4.0
Air Magic      | 2 4 |  4.0
Invocations    | 4 6 9 |  9.9
Dodging        | 2 3 5 |  5.0

Action                     |  1- 3 |  4- 6 |  7- 9 | 10-12 | 13-15 | 16-18 || total
---------------------------+-------+-------+-------+-------+-------+-------++-------
  Melee: Spear             |   130 |    80 |       |       |       |       ||   210
         Unarmed           |       |    13 |       |       |       |       ||    13
         Trident           |       |    78 |   306 |   727 |  1841 |   708 ||  3660
         Punch             |       |       |     1 |     3 |       |       ||     4
  Throw: Stone             |     1 |       |       |       |       |       ||     1
         Dart              |       |       |       |     8 |       |    33 ||    41
         Boomerang         |       |       |       |    17 |       |       ||    17
   Cast: Scorch            |       |    12 |    17 |     2 |       |       ||    31
         Call Canine Famil |       |       |       |    27 |    43 |    11 ||    81
         Summon Guardian G |       |       |       |    12 |    26 |    14 ||    52
         Summon Lightning  |       |       |       |       |    38 |    14 ||    52
 Invoke: Fiery Armour      |       |     3 |     1 |     1 |       |       ||     5
         Rising Flame      |       |     1 |       |       |       |       ||     1
         Lesser Servant of |       |       |       |       |       |     1 ||     1
  Evoke: Wand              |       |       |     3 |     7 |    16 |     1 ||    27
         Phial of floods   |       |       |       |     2 |     2 |       ||     4
         Phantom mirror    |       |       |       |       |     2 |       ||     2
         Tin of tremorston |       |       |       |       |       |     2 ||     2
    Use: Scroll            |       |       |    12 |     7 |    11 |     4 ||    34
         Potion            |       |       |       |       |     7 |     8 ||    15
   Stab: Paralysed         |       |       |     1 |       |       |       ||     1
         Confused          |       |       |       |     1 |       |       ||     1
         Distracted        |       |       |       |       |    10 |     1 ||    11
         Petrified         |       |       |       |       |     6 |       ||     6
         Invisible         |       |       |       |       |       |     1 ||     1
 Armour: Robe              |    29 |    36 |    82 |    84 |       |       ||   231
         Troll leather arm |       |       |       |    60 |   645 |   210 ||   915
  Dodge: Dodged            |    56 |    82 |   197 |   279 |   692 |   243 ||  1549
  Block: Kite shield       |       |       |       |    79 |   562 |   284 ||   925
